 Dungeon Crawl Stone Soup version 0.20.1-1-g8b1a95d (webtiles) character file.

107 Minstaer the Cudgeler (level 4, 0/41 HPs)
             Began as a Minotaur Fighter on Nov 4, 2017.
             Was a Follower of Uskayaw.
             Killed from afar by dstrtn's ghost (8 damage)
             ... with a puff of frost
             ... on level 3 of the Dungeon.
             The game lasted 00:10:49 (1859 turns).

Minstaer the Cudgeler (Minotaur Fighter)            Turns: 1859, Time: 00:10:50

Health: 0/41       AC:  5    Str: 21    XL:     4   Next: 56%
Magic:  3/3        EV: 10    Int:  5    God:    Uskayaw [*.....]
Gold:   105        SH:  0    Dex: 10    Spells: 3/3 levels left

rFire    . . .     SeeInvis .   a - +0 flail
rCold    . . .     Gourm    .   (no shield)
rNeg     . . .     Faith    .   h - +0 ring mail
rPois    .         Spirit   .   (helmet restricted)
rElec    .         Reflect  .   (no cloak)
rCorr    .         Harm     .   (no gloves)
MR       .....                  (no boots)
Stlth    ..........             (no amulet)
Regen    0.2/turn               (no ring)
MPRegen  0.1/turn               (no ring)

@: lethally poisoned (0 -> -2), very slightly contaminated, invisible
A: retaliatory headbutt, horns 2
a: Stomp, Renounce Religion


You were on level 3 of the Dungeon.
You worshipped Uskayaw.
Uskayaw was noncommittal.
You were not hungry.

You visited 1 branch of the dungeon, and saw 3 of its levels.

You collected 105 gold pieces.

Inventory:

Hand Weapons
 a - a +0 flail (weapon)
 x - a cursed -3 mace
Missiles
 q - a throwing net (quivered)
 t - 8 needles of paralysis
 u - 6 needles of sleeping
 v - 9 poisoned needles
Armour
 b - a +0 scale mail
 c - a +0 shield
 h - a +0 ring mail (worn)
 m - a +2 hat
Magical Staves
 w - an uncursed staff of earth {unknown}
Jewellery
 o - a cursed amulet of inaccuracy {unknown}
Scrolls
 e - 2 scrolls of identify {unknown}
 g - 2 scrolls of teleportation {unknown}
 i - 3 scrolls of recharging {unknown}
 l - a scroll of remove curse {unknown}
 p - 2 scrolls of magic mapping {unknown}
 s - a scroll of amnesia {unknown}
 y - a scroll of fear {unknown}
Potions
 d - a potion of might
 n - a potion of invisibility
Comestibles
 f - a bread ration
 j - 9 chunks of flesh
 k - a fruit
 r - 2 meat rations


   Skills:
 + Level 4.6 Fighting
 * Level 5.0 Maces & Flails
 - Level 3.6 Armour
 - Level 3.6 Shields


You had 3 spell levels left.
You didn't know any spells.

Dungeon Overview and Level Annotations

Branches:
Dungeon (3/15)

Altars:
Uskayaw

Annotations:
D:3 dstrtn's ghost, amateur KoIE


Innate Abilities, Weirdness & Mutations

You reflexively headbutt those who attack you in melee.
You have a pair of horns on your head.


Message History

The puff of frost misses you.
You feel sick.
Dstrtn's ghost points at something and mumbles some strange words.
You feel sick.
You feel sick.
You feel sick.
You feel sick.
You feel sick.
You feel sick.
Dstrtn's ghost points at something and mumbles some strange words.
The puff of frost misses you.
You feel sick.
You feel sick.
You feel sick.
You feel sick.
You feel sick.
You feel sick.
Dstrtn's ghost points at you and mumbles some strange words.
The puff of frost hits you!
You die...

##..# #.#.######.#.#######.....
##..# #.#.# #.#.######......
##..# #.#.# #.#.#...........
##.W#####.#.# #...#.####......
##..........# ##### ###.....
##.#####.### #......# ###.#####.#
##.....##
........#.############.##....รท.#
...........W....@..............#
#######.#.############.##......#
#.#... ##.#..## #.###.# #.##.#
#.# .# ## #.##.# #.# # .. #.##.#
#.# #. #.<..# #.# #.###..#.###
##..)..#...#


You could see dstrtn's ghost.

Vanquished Creatures
  3 adders (D:2)
  An ooze (D:2)
  2 worms
  3 dart slugs
  A leopard gecko (D:3)
  3 ball pythons
  7 bats
  A giant cockroach (D:1)
  6 goblins
  7 hobgoblins
  3 jackals (D:2)
  9 kobolds
  A quokka (D:2)
  3 frilled lizards
  13 rats
63 creatures vanquished.

Notes
Turn   | Place    | Note
-------+----------+-------------------------------------------
     0 | D:1      | Minstaer the Minotaur Fighter began the quest for the Orb.
     0 | D:1      | Reached XP level 1. HP: 19/19 MP: 0/0
   174 | D:1      | Reached skill level 3 in Maces & Flails
   181 | D:1      | Reached XP level 2. HP: 21/27 MP: 1/1
   777 | D:2      | Reached XP level 3. HP: 29/33 MP: 2/2
   783 | D:2      | Reached skill level 4 in Maces & Flails
  1138 | D:2      | Found a hide-covered altar of Uskayaw.
  1158 | D:2      | Became a worshipper of Uskayaw the Reveler
  1279 | D:2      | Reached * piety under Uskayaw
  1439 | D:2      | Reached XP level 4. HP: 31/41 MP: 3/3
  1439 | D:2      | Reached ** piety under Uskayaw
  1599 | D:2      | Reached skill level 5 in Maces & Flails
  1828 | D:3      | Noticed dstrtn's ghost (amateur KoIE)
  1859 | D:3      | Killed from afar by dstrtn's ghost

Skill      XL: |  1  2  3  4 |
---------------+-------------+-----
Maces & Flails | 3 4 5 |  5.0
Fighting       | 4 |  4.6
Armour         | |  3.6
Shields        | |  3.6

Action                   |  1- 3 |  4- 6 || total
-------------------------+-------+-------++-------
Melee: Flail             |    90 |    42 ||   132
       Headbutt          |     9 |    10 ||    19
  Use: Potion            |       |     1 ||     1
  Eat: Chunk             |     2 |     1 ||     3
Armor: Ring mail         |    32 |    26 ||    58
       Scale mail        |     2 |       ||     2
Dodge: Dodged            |    71 |    30 ||   101
